 Dungeon Crawl Stone Soup version 0.29.1-15-g9cfb28693d (webtiles) character file.

Game seed: 2152738407356031106

1744 coolguy69 the Cleaver (level 9, -1/70 HPs)
             Began as a Hill Orc Fighter on Mar 25, 2023.
             Slain by an orc warrior
             ... wielding a +0 short sword
              (9 damage)
             ... on level 6 of the Dungeon.
             The game lasted 00:06:54 (6295 turns).

coolguy69 the Cleaver (Hill Orc Fighter)            Turns: 6295, Time: 00:06:55

Health: -1/70      AC: 13    Str: 23    XL:     9   Next: 6%
Magic:  9/9        EV:  7    Int:  8    God:
Gold:   279        SH:  0    Dex: 10    Spells: 8/8 levels left

rFire   . . .      SeeInvis .   l - +2 hand axe (venom)
rCold   + . .      Faith    .   (no shield)
rNeg    + . .      Spirit   .   t - +0 plate armour
rPois   .          Reflect  .   (no helmet)
rElec   .          Harm     .   (no cloak)
rCorr   .          Rampage  .   (no gloves)
Will    .....                   (no boots)
Stlth   ..........              (no amulet)
HPRegen 0.21/turn               w - ring of protection from cold
MPRegen 0.11/turn               A - ring of positive energy

@: mighty
A: no striking features
a: no special abilities


You were on level 6 of the Dungeon.
You visited 1 branch of the dungeon, and saw 6 of its levels.

You collected 279 gold pieces.

Inventory:

Hand Weapons
 a - a +0 war axe
 l - a +2 hand axe of venom (weapon)
 p - a +0 hand axe of flaming
Armour
 c - a +0 buckler
 t - a +0 plate armour (worn)
Jewellery
 w - a ring of protection from cold (left hand)
 A - a ring of positive energy (right hand)
Scrolls
 b - a scroll of brand weapon {unknown}
 e - 3 scrolls of identify {unknown}
 g - 3 scrolls of blinking {unknown}
 i - 3 scrolls of teleportation
 j - 2 scrolls of fog {unknown}
 m - 3 scrolls of magic mapping
 v - a scroll of enchant weapon {unknown}
 y - a scroll of fear {unknown}
 z - a scroll of enchant armour {unknown}
 B - a scroll of noise {unknown}
Potions
 d - a potion of might
 f - 2 potions of degeneration {unknown}
 h - 3 potions of attraction {unknown}
 k - 2 potions of curing
 n - 2 potions of magic {unknown}
 o - 2 potions of haste {unknown}
 q - 2 potions of resistance {unknown}
 r - 2 potions of lignification {unknown}
 s - 2 potions of heal wounds {unknown}
 u - a potion of flight {unknown}
 x - a potion of mutation {unknown}


   Skills:
 - Level 3.6 Fighting
 * Level 13.0 Axes
 + Level 6.7 Armour
 - Level 3.2 Shields


You had 8 spell levels left.
You didn't know any spells.
Your spell library contained the following spells:

 Spells                   Type           Power      Damage    Failure   Level
 Static Discharge         Conj/Air       0%         3-3/arc   100%        2
 Conjure Flame            Conj/Fire      0%         6-21      100%        3
 Ignite Poison            Fire/Tmut/Pois 0%         N/A       100%        3
 Ozocubu's Armour         Ice            0%         N/A       100%        3
 Sticky Flame             Conj/Fire      0%         2d3       100%        4
 Lightning Bolt           Conj/Air       0%         1d11      100%        5
 Metabolic Englaciation   Hex/Ice        0%         N/A       100%        5
 Simulacrum               Ice/Necr       0%         N/A       100%        6
 Ozocubu's Refrigeration  Ice            0%         4d7       100%        7
 Maxwell's Capacitive Co  Air            0%         ∞         100%        8


Dungeon Overview and Level Annotations

Branches:
Dungeon (6/15)             Temple (0/1) D:6

Altars:
Ashenzari
Sif Muna

Shops:
D:1 (   D:2 [:[*


Message History

* * * LOW HITPOINT WARNING * * *
The centaur shoots an arrow.
The arrow barely misses you.
Things that are here:
a +0 dagger; a +0 ring mail; an orc corpse Unknown command.
An orc warrior comes into view. It is wielding a +0 short sword.
You start resting.
A centaur is nearby!
Okay, then.
The centaur unwields a +0 shortbow.
The centaur barely misses you. x2
You feel better.
The centaur hits you but does no damage.
The centaur kicks you but does no damage.
The centaur barely misses you.
The centaur kicks you but does no damage.
You hit the centaur.
The centaur is poisoned.
The centaur is moderately wounded.
The centaur hits you.
* * * LOW HITPOINT WARNING * * *
The centaur kicks you but does no damage.
An orc wizard comes into view. It is wielding a +0 dagger.
You slash the centaur!
The centaur looks as sick as possible!
The centaur is severely wounded.
The centaur barely misses you.
The centaur kicks you but does no damage.
You hit the centaur but do no damage.
The centaur looks as sick as possible!
The centaur is severely wounded.
The centaur hits you.
* * * LOW HITPOINT WARNING * * *
The centaur closely misses you.
You hit the centaur.
You kill the centaur!
Your Axes skill increases to level 13!
You feel very mighty all of a sudden.
The orc warrior hits you but does no damage.
You closely miss the orc warrior. You slice the orc warrior!!
The orc warrior is poisoned.
The orc warrior is severely wounded.
The orc warrior hits you with a +0 short sword!
You die...

##...##..o......
#.#.....#..#c#...
###.#.#.#.#..#.### .
...........##...###..
#......#o..#........#
.#.#.....†.##..>..##..
......##.#..).....#...
#.#......o###...##.##
#......##.@.###.#
...#.##)##.#...#.#
#.##.##.###.....
#.......# #..#.#
####.#### #....#
#<...<# #...## #.....#
.# #.....# .# #.....#


You could see an orc warrior (poisoned) and an orc wizard.

Vanquished Creatures
  Pikel (D:6)
  Grinder (D:5)
  A water moccasin (D:6)
  An ice beast (D:3)
  A centaur (D:6)
  An ogre (D:5)
  A phantom (D:5)
  A lemure (D:6)
  A necrophage (D:5)
  A scorpion (D:5)
  6 orc priests
  2 hounds
  A jelly (D:4)
  2 iguanas (D:5)
  An orc wizard (D:4)
  4 adders
  2 shadow imps (D:5)
  A white imp (D:6)
  2 worms
  4 dart slugs
  21 orcs
  15 endoplasms
  3 giant cockroaches
  9 goblins
  2 hobgoblins (D:1)
  13 jackals
  6 kobolds
  4 quokkas
  5 ball pythons
  3 bats
  A frilled lizard (D:2)
  A rat (D:3)
118 creatures vanquished.

Notes
Turn   | Place    | Note
-------+----------+-------------------------------------------
     0 | D:1      | coolguy69 the Hill Orc Fighter began the quest for the Orb.
     0 | D:1      | Reached XP level 1. HP: 19/19 MP: 1/1
    31 | D:1      | Found Enkups's Weapon Emporium.
   230 | D:1      | Reached skill level 3 in Axes
   350 | D:1      | Reached XP level 2. HP: 24/26 MP: 2/2
   386 | D:1      | Reached skill level 4 in Axes
   761 | D:1      | Reached XP level 3. HP: 30/31 MP: 3/3
  1183 | D:2      | Reached skill level 5 in Axes
  1216 | D:2      | Found Walelaz's Armour Shoppe.
  1219 | D:2      | You fall into a shaft and drop 2 floors!
  1235 | D:4      | Reached XP level 4. HP: 24/39 MP: 4/4
  1361 | D:4      | Reached skill level 6 in Axes
  1499 | D:3      | Found a broken altar of Ashenzari.
  1824 | D:2      | Found Ruxkyuxt's General Store.
  1890 | D:2      | Found Jynoeklac's Book Shoppe.
  1980 | D:2      | Found a faded altar of an unknown god.
  2088 | D:2      | Found Sauqa's Armour Shop.
  2644 | D:3      | Reached XP level 5. HP: 42/45 MP: 5/5
  2673 | D:3      | Noticed an ice beast
  2686 | D:3      | Killed an ice beast
  2687 | D:3      | Reached skill level 7 in Axes
  3342 | D:4      | Reached XP level 6. HP: 43/51 MP: 6/6
  3353 | D:4      | Reached skill level 8 in Axes
  4218 | D:4      | Found a shimmering blue altar of Sif Muna.
  4293 | D:5      | Entered Level 5 of the Dungeon
  4305 | D:5      | Reached skill level 9 in Axes
  4309 | D:5      | Reached XP level 7. HP: 33/57 MP: 7/7
  4995 | D:5      | Reached skill level 10 in Axes
  5339 | D:5      | Noticed Grinder
  5347 | D:5      | Paralysed by Grinder for 2 turns
  5356 | D:5      | Killed Grinder
  5357 | D:5      | Reached skill level 11 in Axes
  5357 | D:5      | Reached skill level 5 in Armour
  5357 | D:5      | Reached XP level 8. HP: 30/64 MP: 8/8
  6156 | D:6      | Noticed Pikel
  6177 | D:6      | Killed Pikel
  6178 | D:6      | Reached skill level 12 in Axes
  6255 | D:6      | Found a staircase to the Ecumenical Temple.
  6267 | D:6      | Reached XP level 9. HP: 38/70 MP: 9/9
  6280 | D:6      | HP: 3/70 [centaur/arrow (8)]
  6293 | D:6      | Reached skill level 13 in Axes
  6295 | D:6      | Slain by an orc warrior

Illustrated notes

Levels and vault maps discovered:
D:1:      lemuel_arrival_cross, layout_loops_corners, serial_shops, shop
D:2:      layout_loops_cross, ebering_ecumenical_altar_rust, serial_shops,
          nicolae_shop_competitors_out_of_business,
          nicolae_shop_temple_entry_statues_fountains, nicolae_diamond_shop,
          shop
D:3:      layout_basic, ashenzari_altar_1
D:4:      layout_rooms, tgw_sif, supply_closet_lemuel
D:5:      layout_basic, uniq_grinder
D:6:      layout_loops_cross, minmay_temple_entry_slanted, uniq_menkaure,
          uniq_pikel

Skill      XL: |  1  2  3  4  5  6  7  8  9 |
---------------+----------------------------+-----
Axes           | 3 4 5 6 7 9 11 12 13 | 13.0
Armour         | 4 5 6 |  6.7
Fighting       | |  3.6
Shields        | |  3.2

Action                   |  1- 3 |  4- 6 |  7- 9 || total
-------------------------+-------+-------+-------++-------
Melee: War axe           |    29 |       |       ||    29
       Hand axe          |    34 |   138 |   137 ||   309
  Use: Scroll            |       |     1 |     2 ||     3
       Potion            |       |     1 |     2 ||     3
Armor: Scale mail        |    25 |     5 |       ||    30
       Plate armour      |       |    61 |    58 ||   119
Dodge: Dodged            |    35 |    31 |    28 ||    94
